 Dungeon Crawl Stone Soup version 0.31-a0-1522-g43313d8a59 (webtiles) character file.

Game seed: 2867299243978450882

65 SolCadguy the Insei (level 4, -2/22 HPs)
             Began as a Merfolk Shapeshifter on Dec 30, 2023.
             Slain by Terence
             ... wielding a +0 trident
              (12 damage)
             ... on level 2 of the Dungeon.
             The game lasted 00:03:55 (1166 turns).

SolCadguy the Insei (Merfolk Shapeshifter)          Turns: 1166, Time: 00:03:56

Health: -2/22      AC:  1    Str: 14    XL:     4   Next: 13%
Magic:  4/4        EV: 16    Int:  9    God:
Gold:   44         SH:  0    Dex: 15    Spells: 3/3 levels left

rFire   . .          .
                       - Unarmed
rCold   . . .        (shield currently unavailable)
rNeg    . . .        a - melded +0 animal skin
rPois   .            (no helmet)
rElec   .            l - +0 cloak
rCorr   .            (no gloves)
SInv    .            (no boots)
Will    .....        (no amulet)
Stlth   +            (no ring)
HPRegen 0.23/turn    (no ring)
MPRegen 0.09/turn

%: no passive effects
@: flux-form, glowing
A: glow, contaminating, reduced hp, (nimble swimmer 2), mertail
a: Begin Untransformation


You were on level 2 of the Dungeon.
You were something dangerously unstable.
You visited 1 branch of the dungeon, and saw 2 of its levels.

You collected 44 gold pieces.

Inventory:

Hand Weapons
 g - a +0 spear
 h - a +2 flail of venom
Armour
 a - a +0 animal skin (melded)
 i - a +0 leather armour
 l - a +0 cloak (worn)
Talismans
 c - a beast talisman
 d - a flux talisman (active)
Scrolls
 f - a scroll of noise {unknown}
 j - 2 scrolls of teleportation {unknown}
 k - a scroll of vulnerability {unknown}
Potions
 b - a potion of lignification
 e - 3 potions of curing {unknown}


   Skills:
 - Level 1.1 Fighting
 - Level 2.6 Dodging
 + Level 5.3 Unarmed Combat
 - Level 4.0 Shapeshifting


You had 3 spell levels left.
You didn't know any spells.
Your spell library was empty.

Dungeon Overview and Level Annotations

Branches:
Dungeon (2/15)

Altars:

Annotations:
D:2 Terence


Innate Abilities, Weirdness & Mutations

You are something dangerously unstable.
You glow with magical radiation, making you easy to see and hit.
Foes you strike become dangerously contaminated with magical radiation.
Your maximum health is decreased, since you lack skill for your form.
You are incapable of wielding weapons or throwing items.
((You are very nimble when in or above water. (Stealth+, EV+, Speed+++)))
Your lower body shifts to a powerful aquatic tail in water.


Message History

You see here a +0 cloak.
l - a +0 cloak
Okay, then.
Okay, then.
Okay, then.
You can't wear that in your present form.
You can't wear that in your present form.
You begin untransforming.
You continue untransforming. x3
Your transformation has ended.
You start putting on your armour.
You continue putting on your +0 cloak. x4
You finish putting on your +0 cloak.
Terence the Incautious comes into view.
He is wielding a +0 trident and carrying a wand of flame.
Terence zaps a wand.
The puff of flame misses you.
There is a stone staircase leading down here.
There is a stone staircase leading up here.
Terence zaps a wand.
The puff of flame misses you.
You climb upwards.
There is a stone staircase leading down here.
Sorry, you're not good enough to have a special ability.
Sorry, you're not good enough to have a special ability.
Okay, then.
You begin transforming.
You continue transforming. x3
You turn into something dangerously unstable.
Your +0 animal skin melds into your body.
HP restored.
Unknown command.
There is a stone staircase leading down here.
You climb downwards.
Level annotation: Terence
There is a stone staircase leading up here.
Terence zaps a wand.
The puff of flame hits you!
Ouch! That really hurt!
Terence closely misses you.
There is a stone staircase leading down here.
You hit Terence.
Terence begins to glow.
Terence is lightly wounded.
Terence hits you with a +0 trident!
Ouch! That really hurt!
You die...
Terence says, "Time to find some more victims."

##.#####..... ######...####.##.#
#.# #................. #.#
####.####...#######.# #.#
##.##.## ##.## #.# #.#
###......####.## ###.#
#####.####.....>...##.#.### #....
...........##.....##.##...###....
# ###..........@p..<###.....÷....
# #.........#..##.##.##...###<...
# #.#.#####.#..##.###.#..........
# #.#.# ##.#..##.# ##.##########
###.#.####†....##.# ### #
......#........##.# #
#...#...##...#.##.# #
#...##..###.##.##.. # ..@.....#
#.##.###. #### #


You could see Terence (contam).

Vanquished Creatures
  3 adders (D:2)
  A dart slug (D:1)
  3 ribbon worms (D:2)
  3 bats (D:1)
  2 endoplasms
  3 goblins
  A hobgoblin (D:1)
  3 jackals (D:1)
  A kobold (D:1)
  A quokka (D:1)
  6 ball pythons
  4 rats (D:1)
31 creatures vanquished.

Notes
Turn   | Place    | Note
-------+----------+-------------------------------------------
     0 | D:1      | SolCadguy the Merfolk Shapeshifter began the quest for the
                  | Orb.
     0 | D:1      | Reached XP level 1. HP: 15/15 MP: 1/1
   175 | D:1      | Reached XP level 2. HP: 21/21 MP: 2/2
   245 | D:1      | Reached skill level 4 in Unarmed Combat
   681 | D:2      | Reached XP level 3. HP: 26/26 MP: 3/3
   808 | D:2      | Reached skill level 5 in Unarmed Combat
   922 | D:2      | Found a faded altar of an unknown god.
  1077 | D:2      | Reached XP level 4. HP: 28/32 MP: 4/4
  1130 | D:2      | Noticed Terence
  1166 | D:2      | Slain by Terence

Illustrated notes

Levels and vault maps discovered:
D:1:      minmay_arrival_four_houses, layout_basic
D:2:      layout_loops_ring, ebering_ecumenical_altar_webs, uniq_terence

Skill      XL: |  1  2  3 |
---------------+----------+-----
Unarmed Combat | 4 5 |  5.3
Fighting       | |  1.1
Dodging        | |  2.6
Shapeshifting  | |  4.0

Action                     |  1- 3 |  4- 6 || total
---------------------------+-------+-------++-------
  Melee: Unarmed           |    78 |     1 ||    79
         Punch             |     1 |       ||     1
Ability: Begin Untransform |       |     1 ||     1
   Stab: Sleeping          |     3 |       ||     3
 Armour: Animal skin       |    33 |       ||    33
         Skin              |       |     2 ||     2
  Dodge: Dodged            |    42 |     3 ||    45
   Form: Flux              |       |     1 ||     1

Table legend: (Time is in decaauts)
 A = Elapsed time spent in this place.
 B = Non-inter-level travel time spent in this place.
 C = Inter-level travel time spent in this place.
 D = Time resting spent in this place.
 E = Time spent auto-exploring this place.
 F = Levels seen in this place.
 G = Mean time per level.
                   A        B        C        D        E       F      G
               +--------+--------+--------+--------+--------+-----+--------+
         Total |   1160 |   1152 |      8 |     87 |    773 |   2 |  580.0 |
       Dungeon |   1160 |   1152 |      8 |     87 |    773 |   2 |  580.0 |
               +--------+--------+--------+--------+--------+-----+--------+

Top non-repeatable levels by time:
     D:1: 681 daAuts
     D:2: 478 daAuts
